 Dungeon Crawl Stone Soup version 0.27.1-34-g3ba077fa99 (webtiles) character file.

Game seed: 8277721595232290956

1611 cbfl8 the Covered (level 8, 0/70 HPs)
             Began as a Minotaur Delver on Jan 24, 2022.
             Slain by an orc warrior (2 damage)
             ... on level 6 of the Dungeon.
             The game lasted 00:14:27 (7459 turns).

cbfl8 the Covered (Minotaur Delver)                 Turns: 7459, Time: 00:14:27

Health: 0/70       AC: 11    Str: 19    XL:     8   Next: 63%
Magic:  7/7        EV:  8    Int:  7    God:
Gold:   179        SH:  0    Dex: 10    Spells: 7/7 levels left

rFire    . . .     SeeInvis .   M - +4 spear
rCold    . . .     Faith    .   (no shield)
rNeg     . . .     Spirit   .   r - +0 chain mail
rPois    .         Reflect  .   (helmet restricted)
rElec    .         Harm     .   (no cloak)
rCorr    .         Rampage  .   o - +0 pair of gloves
Will     .....                  (no boots)
Stlth    ..........             (no amulet)
HPRegen  0.21/turn              (no ring)
MPRegen  0.10/turn              (no ring)

@: no status effects
A: horns 2, retaliatory headbutt, clumsy 1, mutation resistance 1
a: no special abilities


You were on level 6 of the Dungeon.
You visited 1 branch of the dungeon, and saw 6 of its levels.
You also visited: Sewer.

You collected 179 gold pieces.

Inventory:

Hand Weapons
 a - a +0 hand axe
 i - a +2 whip of flaming
 B - a +0 dagger of venom
 D - a +0 hunting sling
 L - a +1 dagger of speed
 M - a +4 spear (weapon)
 N - a +0 short sword of draining
 O - a +0 hunting sling
Missiles
 G - 6 boomerangs (quivered)
 J - 117 stones
 K - 18 arrows
Armour
 b - a +0 leather armour
 o - a +0 pair of gloves (worn)
 r - a +0 chain mail (worn)
 C - a +0 helmet
Magical Staves
 E - a staff of earth
Wands
 g - a wand of digging (3)
 y - a wand of mindburst (15)
Scrolls
 c - a scroll of fog
 h - 2 scrolls of summoning
 m - 4 scrolls of teleportation {unknown}
 n - 3 scrolls of magic mapping
 p - 3 scrolls of identify
 t - a scroll of enchant armour {unknown}
 u - 2 scrolls of fear
 H - a scroll of brand weapon {unknown}
Potions
 d - 2 potions of magic
 e - 2 potions of invisibility
 f - 3 potions of haste
 k - a potion of cancellation {unknown}
 l - a potion of resistance {unknown}
 v - a potion of might {unknown}
 w - a potion of attraction {unknown}
 z - a potion of flight {unknown}
 A - 2 potions of lignification
 F - a potion of degeneration
 I - a potion of brilliance {unknown}


   Skills:
 + Level 6.0 Fighting
 + Level 6.3(7.4) Axes
 + Level 5.6(7.0) Polearms
 + Level 6.4 Armour
 + Level 3.4 Dodging
 * Level 5.6 Stealth


You had 7 spell levels left.
You didn't know any spells.
Your spell library contained the following spells:

 Spells                   Type           Power      Damage    Failure   Level
 Animate Skeleton         Necr           0%         N/A       99%         1
 Pain                     Necr           0%         1d4       99%         1
 Corpse Rot               Necr/Air       N/A        N/A       100%        2
 Poisonous Vapours        Pois/Air       0%         N/A       100%        2
 Static Discharge         Conj/Air       0%         N/A       100%        2
 Vampiric Draining        Necr           0%         2d6       100%        3
 Freezing Cloud           Conj/Ice/Air   0%         6-21      100%        5
 Lightning Bolt           Conj/Air       0%         1d11      100%        5
 Maxwell's Capacitive Co  Air            0%         ∞         100%        8


Dungeon Overview and Level Annotations

Branches:
Dungeon (6/15)              Sewer (visited)
 Temple: D:4-7

Altars:
Elyvilon
Trog


Innate Abilities, Weirdness & Mutations

You have a pair of horns on your head.
You reflexively headbutt those who attack you in melee.
You are clumsy. (Dex -2)
You are somewhat resistant to further mutation.


Message History

You throw an atropa-tipped dart.
The atropa-tipped dart barely misses the orc warrior.
You hear a splash.
The orc seems less confused.
You kill the orc!
The orc warrior hits you from afar with a +1 vorpal trident.
* * * LOW HITPOINT WARNING * * *
x2 Something hits you but does no damage.
Your Fighting skill increases to level 6!
Throw: 6 boomerangs
Press: ? - help, Q - select action, (/) - cycle Shift-Dir - straight line, f/p - orc warrior
Aim: an orc warrior, wielding a +1 vorpal trident, wearing a +0 plate armour and quivering boomerangs (moderately wounded, very poisoned, 59% to hit)
You throw a boomerang.
The boomerang hits the orc warrior but does no damage.
The orc warrior is moderately wounded.
The orc warrior throws a boomerang.
The boomerang hits you but does no damage.
Something hits you but does no damage.
Throw: 6 boomerangs
Press: ? - help, Q - select action, (/) - cycle Shift-Dir - straight line, f/p - orc warrior
Aim: an orc warrior, wielding a +1 vorpal trident, wearing a +0 plate armour and quivering boomerangs (moderately wounded, very poisoned, 59% to hit)
You throw a boomerang.
The boomerang hits the orc warrior but does no damage.
The orc warrior is moderately wounded.
You feel less wooden.
Your +0 pair of gloves unmelds from your body.
Your +0 chain mail unmelds from your body.
The orc warrior hits you but does no damage.
Something hits you.
* * * LOW HITPOINT WARNING * * *
The orc warrior hits you but does no damage.
You hear some strange, mumbled words.
A magic dart appears from out of thin air!
The magic dart hits you.
* * * LOW HITPOINT WARNING * * *
Something hits you.
* * * LOW HITPOINT WARNING * * *
The orc warrior hits you with a +1 vorpal trident!
* * * LOW HITPOINT WARNING * * *
You die...

......(#### ##≈# .
###.......###≈≈#..
#####.######≈≈≈#.#
.......≈..#≈≈≈≈#.#
≈≈≈≈≈†≈≈≈†≈≈≈≈≈#.#
≈≈≈≈≈≈≈≈≈≈≈≈≈≈≈..#
≈≈≈≈≈≈≈.≈≈≈≈≈≈)(##
≈≈≈.≈≈≈≈≈≈≈≈≈..o## #
.≈.≈...≈..≈≈≈..{@#≈###
#####............(≈..#
############≈≈##.#
#.≈# #.≈# #≈≈# #≈≈#
≈≈=# ≈≈.#


You could see an orc warrior (poisoned).

Vanquished Creatures
  Pikel (D:6)
  Eustachio (D:5)
  An ice beast (D:4)
  A black bear (D:6)
  A necrophage (D:5)
  An ogre (D:3)
  A lemure (D:6)
  A phantom (D:5)
  A kobold brigand (D:5)
  A scorpion (D:4)
  2 water moccasin zombies
  Terence (D:2)
  2 iguanas
  6 gnolls (D:4)
  6 adders
  An ufetubus (D:5)
  5 adder skeletons
  A worm (D:4)
  2 dart slugs
  3 orcs
  7 endoplasms
  4 giant cockroaches
  11 goblins
  7 hobgoblins
  8 jackals
  8 quokkas
  11 ball pythons
  10 bats
  8 frilled lizards
  9 kobolds
  18 rats
140 creatures vanquished.

Notes
Turn   | Place    | Note
-------+----------+-------------------------------------------
     0 | D:5      | cbfl8 the Minotaur Delver began the quest for the Orb.
     0 | D:5      | Reached XP level 1. HP: 19/19 MP: 0/0
    37 | D:5      | Reached XP level 2. HP: 6/27 MP: 1/1
   401 | D:3      | Found a glowing drain.
   417 | Sewer    | Entered a sewer
   907 | Sewer    | Reached XP level 3. HP: 28/33 MP: 2/2
  1620 | D:3      | Reached skill level 1 in Armour
  1772 | D:3      | Found a bloodstained altar of Trog.
  1787 | D:3      | Found a white marble altar of Elyvilon.
  2173 | D:1      | Reached XP level 4. HP: 40/40 MP: 3/3
  3116 | D:2      | Noticed Terence
  3129 | D:2      | Killed Terence
  3638 | D:2      | Reached XP level 5. HP: 41/46 MP: 4/4
  4062 | D:3      | Noticed an ogre
  4080 | D:3      | Killed an ogre
  5121 | D:4      | Reached XP level 6. HP: 49/53 MP: 5/5
  5294 | D:4      | Reached skill level 5 in Axes
  6249 | D:5      | Noticed Pikel
  6249 | D:5      | Noticed an ice beast
  6266 | D:4      | Killed an ice beast
  6267 | D:4      | Reached XP level 7. HP: 35/60 MP: 6/6
  6589 | D:5      | Reached skill level 5 in Fighting
  6589 | D:5      | Reached skill level 5 in Armour
  6796 | D:5      | Reached skill level 1 in Polearms
  6831 | D:5      | Noticed Eustachio
  6876 | D:5      | Reached skill level 5 in Stealth
  6912 | D:5      | Killed Eustachio
  6966 | D:5      | Reached XP level 8. HP: 27/68 MP: 7/7
  7054 | D:6      | HP: 3/68 [Pikel (1)]
  7059 | D:6      | Gained mutation: You are somewhat resistant to further
                  | mutation. [potion of mutation]
  7059 | D:6      | Gained mutation: You are clumsy. (Dex -2) [potion of
                  | mutation]
  7081 | D:6      | Killed Pikel
  7082 | D:6      | Reached skill level 5 in Polearms
  7459 | D:6      | HP: 2/70 [orc warrior (10)]
  7459 | D:6      | Slain by an orc warrior

Illustrated notes

Levels and vault maps discovered:
D:1:      erik_arrival_cave_to_civilisation [erik_arrival_cave_to_hall],
          layout_basic, minmay_misc_feat_tiny
D:2:      layout_loops_ring, minmay_tromino_mix6, uniq_terence
D:3:      layout_loops_ring, mainiacjoe_overflow_catwalk_spiral,
          portal_sewer_entry_f, minmay_ogre_servants
D:4:      layout_loops_ring
D:5:      layout_rooms, uniq_pikel, uniq_eustachio
D:6:      layout_basic, serial_rivers, chequers_serial_rivers_large_a,
          chequers_serial_rivers_large_b, chequers_serial_rivers_micro_a,
          chequers_serial_rivers_marsh, chequers_serial_rivers_room_a,
          chequers_serial_rivers_small_a, uniq_blork_the_orc

Skill      XL: |  1  2  3  4  5  6  7  8 |
---------------+-------------------------+-----
Armour         | 1 2 3 4 5 6 |  6.4
Fighting       | 4 5 6 |  6.0
Axes           | 3 4 6 |  6.3
Polearms       | 3 5 |  5.6
Dodging        | 3 |  3.4
Stealth        | 5 |  5.6

Action                   |  1- 3 |  4- 6 |  7- 9 || total
-------------------------+-------+-------+-------++-------
Melee: Hand axe          |   115 |   157 |       ||   272
       Headbutt          |    11 |    31 |    15 ||    57
       Spear             |       |    15 |   143 ||   158
Throw: Dart              |       |       |    15 ||    15
       Javelin           |       |       |     6 ||     6
       Boomerang         |       |       |     2 ||     2
  Use: Scroll            |     2 |       |     3 ||     5
       Potion            |       |       |    12 ||    12
 Stab: Sleeping          |     3 |       |       ||     3
       Invisible         |       |       |     2 ||     2
Armor: Leather armour    |    30 |     9 |       ||    39
       Chain mail        |       |   124 |    92 ||   216
       Skin              |       |       |    45 ||    45
Dodge: Dodged            |    91 |    85 |    68 ||   244
